 Dungeon Crawl Stone Soup version 0.28.0-49-g6dfe1f597d (webtiles) character file.

Game seed: 15160498834421882785

128 101zpm the Magician (level 5, -3/35 HPs)
             Began as a Djinni Fire Elementalist on May 11, 2022.
             Slain by a centaur zombie (5 damage)
             ... in an ossuary.
             The game lasted 00:02:02 (1321 turns).

101zpm the Magician (Djinni Fire Elementalist)      Turns: 1321, Time: 00:02:02

Health: -3/35      AC:  2    Str:  7    XL:     5   Next: 33%
Gold:   21         EV: 12    Int: 18    God:
                   SH:  0    Dex: 14

rFire   + + .      SeeInvis .   (no weapon)
rCold   x . .      Faith    .   (no shield)
rNeg    . . .      Spirit   .   a - +0 robe
rPois   ∞          Reflect  .   (no helmet)
rElec   .          Harm     .   (no cloak)
rCorr   .          Rampage  .   (no gloves)
Will    .....                   (boots unavailable)
Stlth   ++........              (no amulet)
HPRegen 0.11/turn               (no ring)
MPRegen 0.00/turn               (no ring)

@: flying
A: sickness immunity, fire resistance 2, cold vulnerability 1, float, innate
caster, HP casting, extra vitality 1
a: no special abilities


You were in an ossuary.
You visited 1 branch of the dungeon, and saw 3 of its levels.
You also visited: Ossuary.

You collected 21 gold pieces.

Inventory:

Armour
 a - a +0 robe (worn)
Potions
 b - 3 potions of attraction {unknown}


   Skills:
 + Level 2.7 Dodging
 + Level 2.0 Stealth
 + Level 4.1 Spellcasting


You couldn't memorise any spells.
You knew the following spells:

 Your Spells              Type           Power      Damage    Failure   Level
a - Foxfire               Conj/Fire      72%        2x1d7     2%          1
b - Scorch                Fire           36%        2d6       4%          2
c - Conjure Flame         Conj/Fire      18%        6-21      9%          3
d - Inner Flame           Hex/Fire       18%        N/A       9%          3
e - Flame Wave            Conj/Fire      18%        2d6       26%         4
f - Magic Dart            Conj           72%        1d6       2%          1
g - Searing Ray           Conj           36%        2d5       4%          2
Your spell library was empty.

Dungeon Overview and Level Annotations

Branches:
Dungeon (4/15)            Ossuary (1/1)
 Temple: D:4-7

Altars:
Kikubaaqudgha


Innate Abilities, Weirdness & Mutations

You are immune to sickness and miasma.
You are immune to poison.
Your flesh is very heat resistant. (rF++)
You are vulnerable to cold. (rC-)
You float through the air rather than walking.
You learn spells naturally, not from books.
Your magical power is your life essence.
You have superior vitality. (+4 MHP)


Message History

The mummy is almost destroyed.
Casting: Foxfire (safe; 3% risk of failure)
Confirm with . or Enter, or press ? or * to list all spells.
Flames lash the mummy.
The mummy is burned terribly!
You destroy the mummy!
Your Spellcasting skill increases to level 4!
Casting: Scorch (safe; 4% risk of failure)
Confirm with . or Enter, or press ? or * to list all spells.
Flames lash the mummy but do no damage.
Casting: Scorch (safe; 4% risk of failure)
Confirm with . or Enter, or press ? or * to list all spells.
Flames lash the mummy.
The mummy is burned terribly!
You destroy the mummy!
Your Stealth skill increases to level 2!
Casting: Scorch (safe; 4% risk of failure)
Confirm with . or Enter, or press ? or * to list all spells.
Flames lash the centaur zombie.
The centaur zombie is lightly damaged.
The centaur zombie's fire resistance burns away.
* * * LOW HITPOINT WARNING * * *
The mummy hits you.
* * * LOW HITPOINT WARNING * * *
Casting: Scorch (safe; 4% risk of failure)
Confirm with . or Enter, or press ? or * to list all spells.
Flames lash the centaur zombie.
The centaur zombie is burned terribly!
The centaur zombie is severely damaged.
* * * LOW HITPOINT WARNING * * *
A centaur zombie comes into view.
The centaur zombie hits you.
* * * LOW HITPOINT WARNING * * *
The centaur zombie barely misses you. The centaur zombie hits you.
* * * LOW HITPOINT WARNING * * *
The centaur zombie kicks you but does no damage.
Casting: Scorch (safe; 4% risk of failure)
Confirm with . or Enter, or press ? or * to list all spells.
Flames lash the centaur zombie.
The centaur zombie is burned terribly!
You destroy the centaur zombie!
* * * LOW HITPOINT WARNING * * *
The centaur zombie hits you.
You die...

#
.#.###########
.Z...........##
......Z@M.....#
.^....∩.∩.....#
..............#
...^.........##
.#.###########
#


You could see a mummy and 2 centaur zombies.

Vanquished Creatures
  A centaur zombie (Ossuary)
  A bullfrog skeleton (D:4)
  2 iguanas (D:4)
  2 mummies (Ossuary)
  An adder (D:2)
  An orc (D:4)
  2 endoplasms
  A giant cockroach (D:2)
  A hobgoblin (D:2)
  A kobold (D:4)
  A quokka (D:4)
  2 ball pythons (D:1)
  2 bats (D:1)
  A frilled lizard (D:1)
  A hobgoblin zombie (Ossuary)
  2 rats (D:1)
22 creatures vanquished.

Vanquished Creatures (others)
  80 foxfires
80 creatures vanquished.

Grand Total: 102 creatures vanquished

Notes
Turn   | Place    | Note
-------+----------+-------------------------------------------
     0 | D:1      | 101zpm the Djinni Fire Elementalist began the quest for the
                  | Orb.
     0 | D:1      | Reached XP level 1. HP: 15/15 MP: 0/0
   408 | D:1      | Reached XP level 2. HP: 17/21 MP: 0/0
   846 | D:2      | You are sucked into a shaft and drop 2 floors!
   903 | D:4      | Reached skill level 3 in Spellcasting
   903 | D:4      | Reached XP level 3. HP: 13/25 MP: 0/0
   903 | D:4      | Learned a level 1 spell: Magic Dart
   972 | D:4      | Reached XP level 4. HP: 19/31 MP: 0/0
  1296 | D:4      | Found a sand-covered staircase.
  1300 | D:4      | Reached XP level 5. HP: 23/35 MP: 0/0
  1300 | D:4      | Learned a level 2 spell: Searing Ray
  1309 | Ossuary  | Entered an ossuary
  1317 | Ossuary  | Reached skill level 4 in Spellcasting
  1321 | Ossuary  | Slain by a centaur zombie

Illustrated notes

Levels and vault maps discovered:
D:1:      saegor_arrival_under_anarchy, layout_basic
D:2:      layout_basic, basic_altar, nicolae_elevator_lobby_plus
D:4:      layout_basic, yredelemnul_altar_generic,
          mainiacjoe_overflow_concentric_impassable,
          nicolae_ossuary_entry_monument, uniq_edmund
Ossuary:  ossuary_the_hunt_dpeg

Skill      XL: |  1  2  3  4  5 |
---------------+----------------+-----
Spellcasting   | 3 4 |  4.1
Stealth        | 2 |  2.0
Dodging        | |  2.7

Action                   |  1- 3 |  4- 6 || total
-------------------------+-------+-------++-------
 Cast: Foxfire           |    44 |     7 ||    51
       Scorch            |     2 |    11 ||    13
       Magic Dart        |     2 |     6 ||     8
Armor: Robe              |     1 |     2 ||     3
Dodge: Dodged            |     6 |     2 ||     8
